AoeStats
← Xico10catl

Arena

509788159Analyzed
4v4 RM · 5d ago on Sep 28, 2026· 54m 9s· 8 players
Game mode
Random Map
Map size
Large (8 player)
Population
200
Speed
Normal
Resources
Standard
Victory
Conquest
Starting age
Dark Age
Ending age
Imperial Age
RankedLock teamsTeams togetherTeam positionsShared explorationLock speedFull tech treeHidden civsTurbo modeCheats
Victory
Defeat
🇨🇱 Khmer · Chile
1198
+12
🇻🇪 Burmese · Venezuela
1130
+15
🇩🇪 Mapuche · Germany
1081
+17
🇺🇸 Teutons · United States
1050
+20
🇹🇼 Byzantines · Taiwan
1127
-17
🇨🇦 Danes · Canada
1119
-16
🇨🇦 Khmer · Canada
1119
-16
🇲🇽 Turks · Mexico
1084
-15
Wojtek
11:53 Feudal Age
15:37 Castle Age
13:27 Double-Bit Axe
14:34 Horse Collar
14:47 Gold Mining
15:04 Scale Mail Armor
17:08 Loom
24:06 Scale Mail Armor
30:57 Chain Mail Armor
32:43 Bow Saw
35:08 Squires
34:54 Gambesons
38:28 Wheelbarrow
41:10 Imperial Age
41:21 Forging
42:14 Gold Shaft Mining
42:10 Onager
42:40 Northmen's Fury
43:55 Onager
44:24 Onager
44:33 Pikeman
45:25 Halberdier
Sniper_Wolf
10:24 Loom
12:26 Feudal Age
17:31 Castle Age
15:54 Double-Bit Axe
16:14 Gold Mining
17:00 Horse Collar
22:41 Imperial Age
20:41 Bow Saw
24:00 Padded Archer Armor
26:18 Wheelbarrow
26:39 Leather Archer Armor
26:52 Heavy Plow
27:30 Gold Shaft Mining
29:10 Hand Cart
28:42 Town Watch
31:06 Ring Archer Armor
30:43 Scale Barding Armor
30:49 Forging
32:28 Conscription
38:28 Artillery
39:33 Elite Janissary
40:57 Masonry
42:26 Architecture
41:52 Murder Holes
44:04 Chain Barding Armor
44:20 Iron Casting
44:21 Bombard Tower
46:27 Bloodlines
48:42 Husbandry
49:32 Plate Barding Armor
50:02 Blast Furnace
51:50 Fortified Wall
Pampuliupampam
10:43 Feudal Age
11:08 Feudal Age
13:59 Castle Age
12:18 Double-Bit Axe
12:59 Gold Mining
15:59 Horse Collar
17:24 Bloodlines
18:21 Husbandry
20:03 Forging
21:58 Gold Shaft Mining
21:26 Heavy Plow
28:08 Iron Casting
27:38 Scale Barding Armor
31:54 Husbandry
33:05 Chain Barding Armor
33:18 Bow Saw
38:41 Imperial Age
36:48 Stone Mining
39:06 Stone Shaft Mining
39:20 Onager
42:06 Chemistry
41:26 Ballistics
42:15 Masonry
43:06 Blast Furnace
42:41 Plate Barding Armor
42:29 Loom
43:19 Wheelbarrow
42:17 Elite Battle Elephant
42:19 Light Cavalry
45:07 Tusk Swords
45:29 Conscription
48:04 Conscription
CCOO0021212189
11:47 Feudal Age
15:24 Castle Age
13:38 Double-Bit Axe
14:11 Horse Collar
16:42 Wheelbarrow
16:27 Bow Saw
20:18 Wheelbarrow
23:15 Hand Cart
23:45 Gold Mining
24:05 Squires
25:07 Stone Mining
25:55 Gold Shaft Mining
27:01 Scale Mail Armor
27:29 Arson
28:26 Chain Mail Armor
33:18 Imperial Age
30:35 Loom
30:51 Pikeman
34:30 Plate Mail Armor
33:23 Halberdier
33:24 Elite Varangian Guard
38:11 Logistica
38:23 Conscription
39:42 Chemistry
41:02 Forging
44:05 Iron Casting
46:22 Stone Shaft Mining
45:51 Capped Ram
47:06 Gambesons
47:38 Siege Ram
Xico10catl
0:28 Loom
13:56 Feudal Age
15:26 Town Watch
15:36 Gold Mining
15:37 Stone Mining
20:48 Castle Age
20:08 Scale Barding Armor
20:13 Forging
20:03 Double-Bit Axe
20:31 Forging
21:10 Bloodlines
22:10 Wheelbarrow
21:36 Horse Collar
22:39 Heavy Plow
26:51 Stone Shaft Mining
26:34 Bow Saw
28:01 Chain Barding Armor
30:33 Iron Casting
31:01 Hand Cart
30:46 Town Patrol
33:52 Scale Mail Armor
37:20 Imperial Age
38:11 Masonry
38:27 Guilds
38:10 Cavalier
40:16 Plate Barding Armor
40:42 Blast Furnace
40:21 Crenellations
40:53 Conscription
40:51 Fortified Wall
42:51 Fletching
51:23 Pikeman
Lord_Ermack
8:51 Loom
10:47 Feudal Age
11:43 Horse Collar
15:16 Forging
15:07 Scale Mail Armor
22:35 Wheelbarrow
24:55 Castle Age
22:53 Gold Mining
22:54 Stone Mining
25:35 Pikeman
26:16 Squires
27:11 Chain Mail Armor
27:31 Iron Casting
28:28 Hand Cart
33:59 Gold Shaft Mining
33:26 Heavy Plow
37:26 Imperial Age
37:35 Bloodlines
37:25 Husbandry
38:08 Scale Barding Armor
38:40 Conscription
37:59 Elite Battle Elephant
39:18 Chain Barding Armor
40:35 Plate Barding Armor
41:01 Blast Furnace
40:06 Howdah
39:31 Light Cavalry
42:06 Chemistry
40:47 Treadmill Crane
41:16 Siege Engineers
41:34 Ballistics
41:05 Fletching
41:28 Town Watch
45:03 Town Patrol
45:58 Hussar
49:01 Plate Mail Armor
48:27 Bodkin Arrow
52:46 Bracer
52:47 Padded Archer Armor
Lord_Sipo
9:12 Feudal Age
12:05 Castle Age
14:56 Loom
20:59 Double-Bit Axe
24:17 Bow Saw
26:12 Wheelbarrow
25:21 Horse Collar
29:00 Hand Cart
33:02 Imperial Age
33:52 Double Crossbow
35:56 Heavy Plow
36:07 Heavy Scorpion
38:34 Chemistry
40:26 Capped Ram
41:36 Siege Ram
43:36 Light Cavalry
44:27 Bloodlines
45:02 Husbandry
44:23 Hussar
52:10 Scale Mail Armor
52:22 Forging
52:17 Scale Barding Armor
53:45 Iron Casting
SemperBlender
11:38 Feudal Age
15:31 Castle Age
14:08 Double-Bit Axe
14:14 Horse Collar
15:29 Stone Mining
15:32 Gold Mining
16:39 Heavy Plow
18:18 Wheelbarrow
18:39 Bow Saw
20:03 Hand Cart
20:51 Forging
26:32 Iron Casting
27:59 Gold Shaft Mining
28:02 Stone Shaft Mining
33:09 Imperial Age
31:53 Loom
32:38 Devotion
35:00 Blast Furnace
34:33 Crop Rotation
34:34 Conscription
34:21 Butalmapu
35:43 Elite Kona
36:29 Fletching
36:02 Pikeman
36:05 Elite Skirmisher
38:07 Ballistics
38:48 Chemistry
37:50 Padded Archer Armor
40:35 Malon
43:21 Leather Archer Armor
43:04 Bodkin Arrow
45:50 Leather Archer Armor
47:36 Ring Archer Armor
50:53 Town Watch
Connection lost

Rejoining the realm…

Still unreachable

The connection could not be restored.

Session expired

The server has moved on; the page needs a fresh start.